 Dungeon Crawl Stone Soup version 0.26-a0-753-g4680b4fa2e (webtiles) character file.

Game seed: 17869898597938309927

910 Descartes the Shield-Bearer (level 8, -5/62 HPs)
             Began as a Formicid Chaos Knight on Nov 7, 2020.
             Was a Plaything of Xom.
             Slain by a tyrant leech (glowing shapeshifter) (19 damage)
             ... on level 6 of the Dungeon.
             The game lasted 00:17:48 (5197 turns).

Descartes the Shield-Bearer (Formicid Chaos Knight) Turns: 5197, Time: 00:17:49

Health: -5/62      AC: 12    Str: 17    XL:     8   Next: 30%
Magic:  8/8        EV:  9    Int: 16    God:    Xom [.....*]
Gold:   300        SH: 20    Dex: 12    Spells: 7/7 levels left

rFire    . . .     SeeInvis +   a - +1 falchion (chaos)
rCold    . . .     Faith    .   C - +0 tower shield
rNeg     . . .     Spirit   .   M - +0 chain mail
rPois    .         Reflect  +   (helmet unavailable)
rElec    .         Harm     .   (no cloak)
rCorr    .         Rampage  .   (no gloves)
MR       .....                  h - +0 pair of boots
Stlth    ..........             z - amulet of reflection
HPRegen  0.20/turn              A - +4 ring of evasion
MPRegen  0.11/turn              (no ring)

@: no status effects
A: permanent stasis, dig shafts and tunnels, four strong arms, antennae 3, agile
1, clever 1, shaggy fur 1
a: Dig, Shaft Self, Renounce Religion


You were on level 6 of the Dungeon.
You worshipped Xom.
You were Xom's teddy bear.
You visited 2 branches of the dungeon, and saw 7 of its levels.
You also visited: Ossuary.

You collected 300 gold pieces.

Inventory:

Hand Weapons
 a - a +1 falchion of chaos (weapon)
 b - a +0 hunting sling
 g - a +1 short sword of freezing
 j - a +3 vorpal falchion
 v - a +1 whip of chaos
 L - a +1 hand axe of electrocution
Missiles
 l - 4 boomerangs of dispersal (quivered)
 o - 56 stones
 t - 43 sling bullets
 u - 39 arrows
 x - 26 bolts
 J - 3 boomerangs
 K - 18 poisoned darts
Armour
 h - a +0 pair of boots (worn)
 n - a +2 leather armour
 C - a +0 tower shield (worn)
 M - a +0 chain mail (worn)
Jewellery
 k - an uncursed amulet of magic regeneration
 z - an amulet of reflection (around neck)
 A - a +4 ring of evasion (left hand)
Wands
 e - a wand of disintegration (13)
Scrolls
 c - a scroll of fog {unknown}
 f - 6 scrolls of random uselessness {unknown}
 i - 3 scrolls of remove curse
 m - 3 scrolls of immolation {unknown}
 s - 2 scrolls of noise {unknown}
 w - 2 scrolls of enchant armour {unknown}
 y - a scroll of magic mapping
 D - 2 scrolls of amnesia {unknown}
 E - a scroll of fear {unknown}
 N - a scroll of enchant weapon
Potions
 d - 7 potions of curing
 p - 2 potions of heal wounds
 q - 2 potions of cancellation
 r - 2 potions of resistance
 B - a potion of ambrosia
 F - a potion of flight
 G - a potion of mutation {unknown}
 H - 2 potions of lignification
 I - 2 potions of attraction


   Skills:
 - Level 5.0 Fighting
 - Level 3.0 Long Blades
 - Level 5.0 Armour
 - Level 2.0 Dodging
 * Level 7.6 Shields
 + Level 1.8 Evocations


You had 7 spell levels left.
You didn't know any spells.
Your spell library was empty.

Dungeon Overview and Level Annotations

Branches:
Dungeon (6/15)             Temple (1/1) D:4         Ossuary (visited)

Altars:
Cheibriados
Dithmenos
Elyvilon
Fedhas
Gozag
Kikubaaqudgha
Makhleb
Nemelex Xobeh
Okawaru
Qazlal
Ru
Sif Muna
Vehumet
Wu Jian
Xom
Yredelemnul
Zin
The Shining One


Innate Abilities, Weirdness & Mutations

You cannot be hasted, slowed, berserked, paralysed or teleported.
You can dig through walls and to a lower floor.
Your four strong arms can wield two-handed weapons with a shield.
You have a pair of large antennae on your head. (SInv)
You are agile. (Dex +2)
Your mind is acute. (Int +2)
You are covered in fur. (AC +1)


Message History

You hit the slime creature.
The slime creature seems to grow stronger.
The slime creature is moderately wounded.
The slime creature hits you!
* * * LOW HITPOINT WARNING * * *
You slash the slime creature! You freeze the slime creature.
The slime creature is moderately wounded.
You block the slime creature's attack.
You hit the slime creature.
The slime creature is poisoned.
The slime creature is moderately wounded.
The slime creature changes into a tyrant leech!
The orc priest miscasts a cantrip.
You hit the tyrant leech but do no damage.
You drain the tyrant leech.
The tyrant leech is lightly wounded.
You hit the tyrant leech but do no damage.
The tyrant leech is lightly wounded.
The tyrant leech bites you!!
You die...
Xom cackles wildly!

.# #.# #.# .. #.# #
#.# #.# .#..#####.#
# .{..#....# .#
######..#.##.###.#
#......{#@.......#
##ow###†....#
#...o###.#...###
..........†.......#
g
......#..###.##.##.#
..#####... #.<..# #
. ##..#?...##
#..#..#.# #..#..#.#


You could see a tyrant leech shaped shifter (drained) and 2 orc priests.

Vanquished Creatures
  A black bear (D:3)
  An ogre (D:5)
  A bullfrog (D:5)
  A water moccasin skeleton (D:4)
  A centaur zombie (Ossuary)
  A human zombie (Ossuary)
  A hound (D:4)
  A bullfrog skeleton (D:5)
  An orc priest (D:4)
  Terence (D:3)
  3 iguanas
  2 worker ants (D:5)
  2 big kobold zombies (Ossuary)
  4 mummies (Ossuary)
  Robin (D:3)
  5 adders
  A worm (D:2)
  2 dart slugs
  3 leopard geckos
  15 orcs
  A ball python (D:3)
  3 giant cockroaches
  14 goblins
  14 hobgoblins
  A jackal (D:2)
  6 bats
  3 frilled lizards
  A giant cockroach zombie (D:5)
  A hobgoblin zombie (Ossuary)
  6 kobolds
  A kobold zombie (Ossuary)
  2 orc zombies (Ossuary)
  4 rats
105 creatures vanquished.

Vanquished Creatures (collateral kills)
  An ogre (D:4)
  An orc (D:4)
2 creatures vanquished.

Grand Total: 107 creatures vanquished

Notes
Turn   | Place    | Note
-------+----------+-------------------------------------------
     0 | D:1      | Descartes the Formicid Chaos Knight began the quest for the
                  | Orb.
     0 | D:1      | Reached XP level 1. HP: 18/18 MP: 1/1
    46 | D:1      | Reached skill level 1 in Dodging
   161 | D:1      | XOM: divination: detect creatures
   276 | D:1      | Reached XP level 2. HP: 24/24 MP: 2/2
   864 | D:2      | Reached XP level 3. HP: 29/29 MP: 3/3
   870 | D:2      | XOM: torment (16/29 hp)
  1020 | D:2      | XOM: enchant monster (good)
  1185 | D:2      | XOM: chaos upgrade
  1247 | D:2      | Found a snail-covered altar of Cheibriados.
  1311 | D:2      | Reached XP level 4. HP: 21/37 MP: 4/4
  1416 | D:2      | Found a faded altar of an unknown god.
  1434 | D:2      | XOM: silly message
  1440 | D:2      | XOM: give mutations
  1440 | D:2      | Gained mutation: You are covered in fur. (AC +1) [Xom's
                  | mischief]
  1545 | D:2      | XOM: scenery: create altars
  1672 | D:2      | XOM: give mutations
  1672 | D:2      | Gained mutation: Your mind is acute. (Int +2) [Xom's grace]
  1672 | D:2      | Gained mutation: You are agile. (Dex +2) [Xom's grace]
  1846 | D:3      | Noticed Terence
  1861 | D:3      | Killed Terence
  1861 | D:3      | Reached XP level 5. HP: 23/43 MP: 5/5
  1996 | D:3      | Reached skill level 1 in Shields
  2113 | D:3      | Noticed a black bear
  2122 | D:3      | Killed a black bear
  2122 | D:3      | Reached skill level 2 in Shields
  2122 | D:3      | Reached XP level 6. HP: 37/50 MP: 6/6
  2231 | D:3      | Identified the cursed +0 helmet "Eniumos" {+Fly rElec
                  | rPois}
  2231 | D:3      | Noticed Robin
  2235 | D:3      | XOM: summons 2 friendly demons
  2273 | D:3      | Killed Robin
  2273 | D:3      | Reached skill level 3 in Shields
  2601 | D:4      | Found a sand-covered staircase.
  2608 | Ossuary  | Entered an ossuary
  2637 | Ossuary  | Reached skill level 5 in Fighting
  2726 | Ossuary  | Reached skill level 4 in Shields
  2735 | Ossuary  | Reached XP level 7. HP: 44/56 MP: 7/7
  2969 | D:4      | XOM: summons friendly shadow imp
  2971 | D:4      | XOM: cast spell 'Call Canine Familiar'
  2975 | D:4      | Reached skill level 5 in Shields
  3160 | D:4      | Reached skill level 5 in Armour
  3287 | D:4      | XOM: divination: magic mapping
  3418 | D:4      | Found a staircase to the Ecumenical Temple.
  3428 | Temple   | Entered the Ecumenical Temple
  3679 | D:4      | Reached skill level 6 in Shields
  3777 | D:4      | XOM: confuse monster(s)
  4211 | D:5      | Entered Level 5 of the Dungeon
  4237 | D:5      | XOM: noise
  4246 | D:5      | Reached XP level 8. HP: 61/62 MP: 8/8
  4326 | D:5      | XOM: potion effect (brilliance)
  4329 | D:5      | Reached skill level 7 in Shields
  4332 | D:5      | Reached skill level 1 in Evocations
  5178 | D:6      | Noticed a glowing shapeshifter
  5178 | D:6      | an orc warrior changed into a glowing shapeshifter
  5178 | D:6      | Noticed a torpor snail
  5178 | D:6      | a glowing shapeshifter changed into a torpor snail
  5178 | D:6      | Noticed a wolf spider
  5178 | D:6      | a torpor snail changed into a wolf spider
  5179 | D:6      | Noticed a fire dragon
  5179 | D:6      | a wolf spider changed into a fire dragon
  5181 | D:6      | XOM: divination: detect creatures
  5181 | D:6      | Noticed an ettin
  5181 | D:6      | a fire dragon changed into an ettin
  5185 | D:6      | Noticed a great orb of eyes
  5185 | D:6      | an ettin changed into a great orb of eyes
  5188 | D:6      | Noticed a goliath frog
  5188 | D:6      | a great orb of eyes changed into a goliath frog
  5190 | D:6      | HP: 2/62 [acid (5)]
  5191 | D:6      | Noticed a slime creature
  5191 | D:6      | a goliath frog changed into a slime creature
  5195 | D:6      | Noticed a tyrant leech
  5195 | D:6      | a slime creature changed into a tyrant leech
  5197 | D:6      | Slain by a tyrant leech (glowing shapeshifter)

Illustrated notes

Levels and vault maps discovered:
D:1:      saegor_arrival_simple_a, layout_loops_ring, amethyst_killhole
D:2:      layout_basic, chequers_ecumenical_altar_twisty, kennysheep_slug_shrine
D:3:      layout_basic, uniq_terence, uniq_robin
D:4:      layout_cave_pods, minmay_temple_entry_large_hall,
          chequers_ossuary_entry_cave
D:5:      layout_cave_pods, minivault_19
D:6:      layout_basic, gammafunk_ghost_gnarly_gnolls, uniq_menkaure
Temple:   dpeg_five_rooms_temple

Skill      XL: |  1  2  3  4  5  6  7  8 |
---------------+-------------------------+-----
Dodging        | 1 2 |  2.0
Armour         | 3 4 5 |  5.0
Fighting       | 4 5 |  5.0
Shields        | 2 4 6 7 |  7.6
Evocations     | 1 |  1.8
Long Blades    | |  3.0

Action                   |  1- 3 |  4- 6 |  7- 9 || total
-------------------------+-------+-------+-------++-------
Melee: Falchion          |    78 |   181 |   185 ||   444
 Abil: Dig               |     4 |     4 |       ||     8
  Use: Scroll            |       |     6 |     9 ||    15
       Potion            |       |       |     1 ||     1
Armor: Leather armour    |    27 |    25 |     8 ||    60
       Chain mail        |       |       |    35 ||    35
Dodge: Dodged            |    48 |    57 |    54 ||   159
Block: Tower shield      |       |    92 |   183 ||   275
       Reflection        |       |     2 |     2 ||     4
       Other             |       |     1 |       ||     1
       Rpst.: Falchion   |    14 |    19 |    16 ||    49

Table legend: (Time is in decaauts)
 A = Elapsed time spent in this place.
 B = Non-inter-level travel time spent in this place.
 C = Inter-level travel time spent in this place.
 D = Time resting spent in this place.
 E = Time spent auto-exploring this place.
 F = Levels seen in this place.
 G = Mean time per level.
                   A        B        C        D        E       F      G
               +--------+--------+--------+--------+--------+-----+--------+
         Total |   5310 |   5036 |    274 |      0 |   3476 |   8 |  663.8 |
       Dungeon |   4699 |   4474 |    225 |      0 |   3158 |   6 |  783.2 |
        Temple |    239 |    190 |     49 |      0 |    188 |   1 |  239.0 |
       Ossuary |    371 |    371 |      0 |      0 |    130 |   1 |  371.0 |
               +--------+--------+--------+--------+--------+-----+--------+

Top non-repeatable levels by time:
     D:4: 1079 daAuts
     D:5: 938 daAuts
     D:3: 914 daAuts
     D:2: 913 daAuts
     D:1: 787 daAuts
 Ossuary: 371 daAuts
  Temple: 239 daAuts
     D:6: 67 daAuts
